 Dungeon Crawl Stone Soup version 0.22.1-2-g9c5b331 (webtiles) character file.

1012 Anon1729 the Skirmisher (level 8, -5/73 HPs)
             Began as a Hill Orc Monk on Nov 14, 2018.
             Slain by a troll (11 damage)
             ... on level 7 of the Dungeon.
             The game lasted 00:08:21 (6145 turns).

Anon1729 the Skirmisher (Hill Orc Monk)             Turns: 6145, Time: 00:08:21

Health: -5/73      AC:  9    Str: 16    XL:     8   Next: 21%
Magic:  7/7        EV: 10    Int:  8    God:
Gold:   172        SH:  3    Dex: 13    Spells: 6/7 levels left

rFire    + . .     SeeInvis +   q - +0 morningstar
rCold    . . .     Gourm    .   (no shield)
rNeg     . . .     Faith    .   p - +0 scale mail
rPois    .         Spirit   .   (no helmet)
rElec    .         Reflect  +   (no cloak)
rCorr    .         Harm     .   (no gloves)
MR       .....                  (no boots)
Stlth    ..........             l - +3 amulet of reflection
HPRegen  0.22/turn              u - -2 ring of intelligence
MPRegen  0.10/turn              y - +3 ring of slaying

@: no status effects
A: molten scales 1, see invisible, fire resistance 1, low mp 1
a: no special abilities


You were on level 7 of the Dungeon.
You were not hungry.

You visited 1 branch of the dungeon, and saw 7 of its levels.

You collected 172 gold pieces.

Inventory:

Hand Weapons
 a - a +0 mace
 o - a +0 flail
 q - a +0 morningstar (weapon)
Armour
 b - a +0 robe
 p - a +0 scale mail (worn)
Jewellery
 l - a +3 amulet of reflection (around neck)
 r - an uncursed amulet of faith
 u - a -2 ring of intelligence (left hand)
 w - an uncursed ring of poison resistance
 y - a +3 ring of slaying (right hand)
Wands
 t - a wand of flame (24)
Scrolls
 f - 3 scrolls of teleportation {unknown}
 g - 7 scrolls of identify
 h - 5 scrolls of remove curse
 j - a scroll of immolation {unknown}
 m - 4 scrolls of magic mapping {unknown}
 n - a scroll of amnesia {unknown}
 v - a scroll of blinking {unknown}
Potions
 d - a potion of flight
 e - 2 potions of magic {unknown}
 i - 2 potions of mutation
 k - a potion of curing {unknown}
 s - 2 potions of lignification {unknown}
 z - a potion of haste {unknown}
 A - a potion of heal wounds
Comestibles
 c - 7 rations


   Skills:
 + Level 7.3 Fighting
 + Level 6.7 Maces & Flails
 + Level 5.7 Armour
 - Level 2.4 Dodging
 - Level 1.5 Stealth


You had 6 spell levels left.
You knew the following spells:

 Your Spells              Type           Power        Failure   Level  Hunger
a - Apportation           Tloc           #.....       80%         1    ##.....

Your spell library contained the following spells:

 Spells                   Type           Power        Failure   Level  Hunger
 Animate Skeleton         Necr           N/A          80%         1    ##.....
 Beastly Appendage        Tmut           #.....       80%         1    ##.....
 Confusing Touch          Hex            #.....       80%         1    ##.....
 Flame Tongue             Conj/Fire      #....        80%         1    ##.....
 Infusion                 Chrm           #...         80%         1    ##.....
 Magic Dart               Conj           #...         80%         1    ##.....
 Summon Small Mammal      Summ           #...         80%         1    ##.....
 Blink                    Tloc           N/A          91%         2    ###....
 Call Imp                 Summ           #.......     91%         2    ###....
 Shroud of Golubria       Chrm/Tloc      #.........   91%         2    ###....
 Slow                     Hex            #.......     91%         2    ###....
 Song of Slaying          Chrm           #.......     91%         2    ###....
 Conjure Flame            Conj/Fire      #.......     99%         3    ####...
 Mephitic Cloud           Conj/Pois/Air  #.......     99%         3    ####...
 Regeneration             Chrm/Necr      #.........   99%         3    ####...
 Spectral Weapon          Hex/Chrm       #.......     99%         3    ####...
 Static Discharge         Conj/Air       #.......     99%         3    ####...
 Lightning Bolt           Conj/Air       #.........   100%        5    ######.
 Ignition                 Fire           #.........   100%        8    #######
 Shatter                  Erth           #.........   100%        9    #######
 Tornado                  Air            #.........   100%        9    #######


Dungeon Overview and Level Annotations

Branches:
Dungeon (7/15)             Temple (0/1) D:7

Altars:

Shops:
D:6 :

Annotations:
D:3 2 transporters, trianova's ghost, weakling VSEn
D:4 1 runed door, Reign's ghost, amateur GnMo


Innate Abilities, Weirdness & Mutations

You are partially covered in molten scales. (AC +2)
You have supernaturally acute eyesight. (SInv)
Your flesh is heat resistant. (rF+)
Your magical capacity is low. (-10% MP)


Message History

* * * LOW HITPOINT WARNING * * *
The troll claws you!
* * * LOW HITPOINT WARNING * * *
The troll closely misses you.
Evoke which item? (* to show all) (? for menu, Esc to quit)
Okay, then.
A centaur comes into view.
The centaur shouts!
The centaur wields a shortbow.
The centaur shoots an arrow.
The arrow hits you but does no damage.
Things that are here:
an arrow; 20 stones Evoke which item? (* to show all) (? for menu, Esc to quit)
Okay, then.
As you read the scroll labeled ATHROU ZOPT, it crumbles to dust.
You feel as if something is helping you.
It was a scroll of remove curse.
The centaur shoots an arrow.
You reflect the arrow off an invisible shield around you!
The arrow barely misses the centaur.
The troll bites you!
You die...

#......... #........#
#........# #####+####+
#........# #.........c
#........# #..........
#........# #..........
#.....)..###..........
....<........T@.......
..............[.?.....
.........<...#########
####+####....# #....#
#.....# #.8.#.#
......# 8.>.8.#


You could see a troll and a centaur.

Vanquished Creatures
  Sigmund (D:5)
  2 centaurs
  An ogre (D:5)
  A phantom (D:4)
  A howler monkey (D:4)
  2 crimson imps
  A hound (D:4)
  A jelly (D:6)
  A centaur skeleton (D:3)
  2 orc wizards (D:4)
  2 bullfrog skeletons
  Natasha (D:4)
  2 worker ants
  A hound skeleton (D:4)
  6 adders
  An ooze (D:3)
  2 adder zombies (D:5)
  A worm (D:3)
  A dart slug (D:2)
  2 leopard geckos
  12 orcs
  A ball python (D:1)
  3 giant cockroaches
  2 goblins
  9 hobgoblins
  15 jackals
  A quokka (D:4)
  2 bats
  5 frilled lizards
  A kobold (D:2)
  2 rats (D:1)
85 creatures vanquished.

Notes
Turn   | Place    | Note
-------+----------+-------------------------------------------
     0 | D:1      | Anon1729 the Hill Orc Monk began the quest for the Orb.
     0 | D:1      | Reached XP level 1. HP: 19/19 MP: 1/1
   580 | D:1      | Reached XP level 2. HP: 27/27 MP: 2/2
   645 | D:1      | You fall through a shaft!
   694 | D:2      | Learned a level 1 spell: Apportation
   699 | D:2      | Reached skill level 1 in Armour
  1140 | D:2      | Reached skill level 4 in Fighting
  1390 | D:2      | Reached XP level 3. HP: 26/33 MP: 3/3
  1613 | D:2      | Gained mutation: You are partially covered in molten
                  | scales. (AC +2) [potion of mutation]
  1613 | D:2      | Gained mutation: Your flesh is heat resistant. (rF+)
                  | [potion of mutation]
  1613 | D:2      | Gained mutation: Your magical capacity is low. (-10% MP)
                  | [potion of mutation]
  1613 | D:2      | Gained mutation: You have supernaturally acute eyesight.
                  | (SInv) [potion of mutation]
  1845 | D:3      | Found a faded altar of an unknown god.
  2030 | D:3      | Reached XP level 4. HP: 28/41 MP: 3/3
  2732 | D:3      | Found a transporter.
  3050 | D:3      | Reached XP level 5. HP: 38/47 MP: 4/4
  3142 | D:3      | Noticed an ogre
  3142 | D:3      | Noticed trianova's ghost (weakling VSEn)
  3143 | D:3      | Found a transporter.
  3182 | D:3      | Reached skill level 5 in Fighting
  3424 | D:4      | Noticed a phantom
  3485 | D:4      | Killed a phantom
  3485 | D:4      | Reached skill level 5 in Maces & Flails
  3485 | D:4      | Reached XP level 6. HP: 56/56 MP: 5/5
  3752 | D:4      | Found a runed door.
  3752 | D:4      | Noticed Reign's ghost (amateur GnMo)
  3835 | D:4      | Noticed Natasha
  3844 | D:4      | Killed Natasha
  3869 | D:4      | Reached skill level 6 in Fighting
  3869 | D:4      | Reached XP level 7. HP: 62/63 MP: 6/6
  4004 | D:5      | Entered Level 5 of the Dungeon
  4795 | D:5      | Reached skill level 5 in Armour
  4852 | D:5      | Noticed Sigmund
  4858 | D:5      | Killed Sigmund
  4858 | D:5      | Reached skill level 7 in Fighting
  4858 | D:5      | Reached XP level 8. HP: 66/73 MP: 7/7
  5505 | D:6      | Identified An Introduction to the Arcane Arts
  5569 | D:6      | Found Lotzybil's Book Boutique.
  6126 | D:7      | Found a staircase to the Ecumenical Temple.
  6127 | D:7      | Noticed a troll
  6145 | D:7      | Slain by a troll

Skill      XL: |  1  2  3  4  5  6  7 |
---------------+----------------------+-----
Armour         | 1 2 3 4 5 |  5.7
Fighting       | 4 5 6 7 |  7.3
Maces & Flails | 4 5 6 |  6.7
Dodging        | |  2.4
Stealth        | |  1.5

Action                   |  1- 3 |  4- 6 |  7- 9 || total
-------------------------+-------+-------+-------++-------
Melee: Mace              |   134 |    91 |       ||   225
       Morningstar       |       |    63 |    73 ||   136
       Unarmed           |       |     4 |       ||     4
  Use: Potion            |     4 |       |       ||     4
       Scroll            |       |       |     2 ||     2
 Stab: Sleeping          |     4 |       |       ||     4
  Eat: Chunk             |     3 |     7 |     5 ||    15
       Ration            |       |       |     1 ||     1
Armor: Robe              |    39 |    22 |       ||    61
       Scale mail        |       |    36 |    37 ||    73
Dodge: Dodged            |   128 |   113 |    41 ||   282
Block: Other             |       |    10 |     9 ||    19
       Reflection        |       |       |     1 ||     1
